 Dungeon Crawl Stone Soup version 0.31.0-11-ge490571c62 (webtiles) character file.

Game seed: 3168019739858515688

4 Pooter the Thaumaturge (level 1, -1/13 HPs)
             Began as a Gnoll Wanderer on Jan 28, 2024.
             Slain by a kobold
             ... wielding a +0 dagger
              (4 damage)
             ... on level 1 of the Dungeon.
             The game lasted 00:04:06 (279 turns).

Pooter the Thaumaturge (Gnoll Wanderer)              Turns: 279, Time: 00:04:06

Health: -1/13      AC:  2    Str: 10    XL:     1   Next: 60%
Magic:  8/10       EV: 11    Int: 13    God:
Gold:   0          SH:  0    Dex: 10    Spells: 16/18 levels left

rFire   . . .        a - +0 club
rCold   . . .        (no shield)
rNeg    . . .        c - +0 robe
rPois   .            (no helmet)
rElec   .            (no cloak)
rCorr   .            (no gloves)
SInv    .            (no boots)
Will    .....        (no amulet)
Stlth   +            (no ring)
HPRegen 0.22/turn    (no ring)
MPRegen 0.12/turn

%: no passive effects
@: no status effects
A: fangs 1, strong nose, distributed training
a: no special abilities


You were on level 1 of the Dungeon.
You visited 1 branch of the dungeon, and saw 1 of its levels.

Inventory:

Hand Weapons
 a - a +0 club (weapon)
Missiles
 Q - 4 stones
Armour
 c - a +0 robe (worn)
Wands
 f - a wand of flame (5) (quivered)
Scrolls
 b - 2 scrolls of blinking
 d - a scroll of amnesia {unknown}
 e - a scroll of vulnerability {unknown}
 g - a scroll of poison {unknown}
 j - a scroll of silence {unknown}
Potions
 h - a potion of haste {unknown}
 i - a potion of magic {unknown}


   Skills:
 + Level 0.1 Fighting
 + Level 0.1 Short Blades
 + Level 0.1 Long Blades
 + Level 0.1 Axes
 + Level 0.1 Maces & Flails
 + Level 0.1 Polearms
 + Level 0.1 Staves
 + Level 0.1 Ranged Weapons
 + Level 0.1 Throwing
 + Level 0.1 Armour
 + Level 0.1 Dodging
 + Level 0.1 Stealth
 + Level 0.1 Shields
 + Level 0.1 Unarmed Combat
 + Level 9.2 Spellcasting
 + Level 0.1 Conjurations
 + Level 3.6 Hexes
 + Level 0.1 Summonings
 + Level 0.1 Necromancy
 + Level 0.1 Translocations
 + Level 0.1 Fire Magic
 + Level 0.1 Ice Magic
 + Level 0.1 Air Magic
 + Level 0.1 Earth Magic
 + Level 0.1 Alchemy
 + Level 2.4 Invocations
 + Level 4.4 Evocations
 + Level 0.1 Shapeshifting


You had 16 spell levels left.
You knew the following spells:

 Your Spells              Type           Power      Damage    Failure   Level
a - Slow                  Hex            60%        N/A       2%          1
b - Foxfire               Conj/Fire      24%        2x1d5     12%         1

Your spell library contained the following spells:

 Spells                   Type           Power      Damage    Failure   Level
 Confusing Touch          Hex            15%        N/A       9%          3
 Kiss of Death            Conj/Necr      24%        2d7       12%         1
 Lesser Beckoning         Tloc           12%        N/A       17%         2
 Dazzling Flash           Conj/Hex       20%        N/A       17%         3
 Inner Flame              Hex/Fire       10%        N/A       17%         3
 Gell's Gravitas          Tloc           6%         N/A       34%         3
 Dispel Undead            Necr           6%         3d8       75%         4


Dungeon Overview and Level Annotations

Branches:
Dungeon (1/15) Zot: 5713

Altars:


Innate Abilities, Weirdness & Mutations

You have very sharp teeth.
Your uncanny sense of smell can sniff out nearby items.
Your experience applies equally to all skills.


Message History

Press: ? - help, Shift-Dir - straight line, f - rat
Aim: a rat (asleep, chance to affect: 66%)
The rat seems to slow down.
You hit the rat but do no damage. Your bite misses the rat.
The rat closely misses you.
You hit the rat.
You kill the rat!
b - 2 scrolls of blinking (gained 1)
A kobold comes into view. It is wielding a +0 dagger.
The kobold shouts!
You see here a ring of fire.
Casting: Slow (safe; 2% risk of failure)
Confirm with . or Enter, or press ? or * to list all spells.
Aiming: Slow (safe; 2% risk of failure)
Press: ? - help, Shift-Dir - straight line, f - kobold
Aim: a kobold, wielding a +0 dagger (chance to affect: 66%)
The kobold struggles to resist.
You closely miss the kobold. You bite the kobold, but do no damage.
The kobold hits you with a +0 dagger.
You hit the kobold but do no damage.
A frilled lizard comes into view.
The kobold hits you with a +0 dagger.
The frilled lizard hisses angrily.
You hit the kobold but do no damage. The kobold hits you with a +0 dagger.
The frilled lizard bites you.
* * * LOW HITPOINT WARNING * * *
The kobold hits you with a +0 dagger.
* * * LOW HITPOINT WARNING * * *
Unknown command.
Okay, then.
Casting: Slow (safe; 2% risk of failure)
Confirm with . or Enter, or press ? or * to list all spells.
You conjure some foxfire!
The frilled lizard completely misses you.
The kobold closely misses you.
The foxfire hits the frilled lizard.
The foxfire hits the kobold.
The frilled lizard attacks as it pursues you!
The frilled lizard closely misses you. The kobold attacks as it pursues you!
The kobold barely misses you.
Casting: Foxfire (safe; 12% risk of failure)
Confirm with . or Enter, or press ? or * to list all spells.
Aiming: Slow (safe; 2% risk of failure)
Press: ? - help, Shift-Dir - straight line, f/p - kobold
Aim: a kobold, wielding a +0 dagger (severely wounded, chance to affect: 66%)
The kobold seems to slow down.
The frilled lizard bites you but does no damage.
You closely miss the kobold. The frilled lizard bites you.
* * * LOW HITPOINT WARNING * * *
The kobold hits you with a +0 dagger.
You die...

####
###########.....
.......K@...#
.......=l#####
.............#
..######..##.#
.....##.#
#.####.##.#### ∆
#.##....#
#.#####.#
#.......#


You could see a kobold (slow) and a frilled lizard.

Vanquished Creatures
  A giant cockroach (D:1)
  A kobold (D:1)
  A frilled lizard (D:1)
  A rat (D:1)
4 creatures vanquished.

Vanquished Creatures (others)
  2 foxfires (D:1)
2 creatures vanquished.

Grand Total: 6 creatures vanquished

Notes
Turn   | Place    | Note
-------+----------+-------------------------------------------
     0 | D:1      | Reached skill level 9 in Spellcasting
     0 | D:1      | Pooter the Gnoll Wanderer began the quest for the Orb.
     0 | D:1      | Pooter set off with the following items: a +0 club, a
                  | scroll of blinking, a +0 robe, a wand of flame (5); and the
                  | following spells available to memorise: Slow, Foxfire,
                  | Dazzling Flash, Inner Flame, Lesser Beckoning, Gell's
                  | Gravitas.
     0 | D:1      | Reached XP level 1. HP: 13/13 MP: 10/10
     2 | D:1      | Learned a level 1 spell: Slow
     4 | D:1      | Learned a level 1 spell: Foxfire
   279 | D:1      | Slain by a kobold

Illustrated notes

Levels and vault maps discovered:
D:1:      dpeg_arrival_tiny_c, layout_basic

Skill      XL: | |
---------------+-+-----
Spellcasting   | |  9.2
Fighting       | |  0.1
Short Blades   | |  0.1
Long Blades    | |  0.1
Axes           | |  0.1
Maces & Flails | |  0.1
Polearms       | |  0.1
Staves         | |  0.1
Ranged Weapons | |  0.1
Throwing       | |  0.1
Armour         | |  0.1
Dodging        | |  0.1
Stealth        | |  0.1
Shields        | |  0.1
Unarmed Combat | |  0.1
Conjurations   | |  0.1
Hexes          | |  3.6
Summonings     | |  0.1
Necromancy     | |  0.1
Translocations | |  0.1
Fire Magic     | |  0.1
Ice Magic      | |  0.1
Air Magic      | |  0.1
Earth Magic    | |  0.1
Alchemy        | |  0.1
Invocations    | |  2.4
Evocations     | |  4.4
Shapeshifting  | |  0.1

Action                     || total
---------------------------++-------
  Melee: Club              ||    21
         Bite              ||     2
   Cast: Slow              ||     5
         Foxfire           ||     1
 Armour: Robe              ||    16
  Dodge: Dodged            ||    16
